 Dungeon Crawl Stone Soup version 0.29-a0-416-g83a48905f1 (webtiles) character file.

Game seed: 9313600672100377382

142 Hubjo the Firebug (level 5, -12/30 HPs)
             Began as a Deep Elf Fire Elementalist on May 16, 2022.
             Mangled by Pikel
             ... wielding a +1 whip of electrocution
              (13 damage)
             ... on level 3 of the Dungeon.
             The game lasted 00:06:09 (5708 turns).

Hubjo the Firebug (Deep Elf Fire Elementalist)      Turns: 5708, Time: 00:06:09

Health: -12/30     AC:  3    Str: 11    XL:     5   Next: 4%
Magic:  8/13       EV: 12    Int: 22    God:
Gold:   99         SH:  0    Dex: 15    Spells: 11/12 levels left

rFire   + . .      SeeInvis .   j - +1 whip (vamp)
rCold   x . .      Faith    .   o - orb {light}
rNeg    . . .      Spirit   .   a - +0 robe
rPois   .          Reflect  .   (no helmet)
rElec   .          Harm     .   i - +0 cloak
rCorr   .          Rampage  .   (no gloves)
Will    .....                   (no boots)
Stlth   +.........              (no amulet)
HPRegen 0.10/turn               f - ring of fire
MPRegen 0.13/turn               k - +6 ring of strength

@: very slightly contaminated, glowing
A: sense surroundings 1, wild magic 1
a: no special abilities


You were on level 3 of the Dungeon.
You visited 1 branch of the dungeon, and saw 4 of its levels.

You collected 99 gold pieces.

Inventory:

Hand Weapons
 j - a +1 vampiric whip (weapon)
Armour
 a - a +0 robe (worn)
 i - a +0 cloak (worn)
 o - an orb of light (worn)
Jewellery
 f - a ring of fire (left hand)
 k - a +6 ring of strength (right hand)
Scrolls
 e - a scroll of blinking
 h - a scroll of teleportation
 l - a scroll of enchant weapon {unknown}
 m - 2 scrolls of fear {unknown}
 p - a scroll of fog
Potions
 b - 2 potions of magic
 d - a potion of brilliance {unknown}
 g - a potion of cancellation {unknown}
 n - a potion of curing {unknown}
 q - a potion of heal wounds {unknown}


   Skills:
 + Level 2.3 Fighting
 - Level 2.4 Dodging
 + Level 3.7 Stealth
 + Level 4.1 Spellcasting
 - Level 1.1 Conjurations
 * Level 4.1 Fire Magic


You had 11 spell levels left.
You knew the following spells:

 Your Spells              Type           Power      Damage    Failure   Level
a - Foxfire               Conj/Fire      100%       2x1d9     6%          1

Your spell library contained the following spells:

 Spells                   Type           Power      Damage    Failure   Level
 Scorch                   Fire           88%        2d9       5%          2
 Beastly Appendage        Tmut           10%        N/A       16%         1
 Conjure Flame            Conj/Fire      31%        6-21      17%         3
 Inner Flame              Hex/Fire       26%        N/A       21%         3
 Wereblood                Tmut           5%         N/A       24%         2
 Spider Form              Tmut/Pois      5%         N/A       41%         3
 Tukima's Dance           Hex            5%         N/A       41%         3
 Flame Wave               Conj/Fire      31%        2d8       45%         4
 Passage of Golubria      Tloc           5%         N/A       80%         4
 Yara's Violent Unravell  Hex/Tmut       2%         3d3       98%         5


Dungeon Overview and Level Annotations

Branches:
Dungeon (4/15)
 Temple: D:4-7

Altars:

Annotations:
D:3 Pikel


Innate Abilities, Weirdness & Mutations

You passively map a small area around you.
Your spells are a little harder to cast, but a little more powerful.


Message History

Pikel hits you with a +1 whip of electrocution!
You climb upwards.
There is a stone staircase leading down, spattered with blood here.
You feel a surge of power!
You conjure some foxfire!
Pikel hits you with a +1 whip of electrocution.
You are too injured to fight recklessly!
You are too injured to fight recklessly!
You are too injured to fight recklessly!
You are too injured to fight recklessly!
Casting: Foxfire (safe; 6% risk of failure)
Confirm with . or Enter, or press ? or * to list all spells.
You feel a surge of power!
You miscast Foxfire.
You are very lightly contaminated with residual magic.
Nothing appears to happen.
The foxfire hits Pikel but does no damage.
The foxfire hits Pikel.
Pikel is lightly wounded.
Pikel hits you with a +1 whip of electrocution.
Casting: Foxfire (safe; 6% risk of failure)
Confirm with . or Enter, or press ? or * to list all spells.
You feel a surge of power!
You conjure some foxfire!
Pikel hits you with a +1 whip of electrocution.
* * * LOW HITPOINT WARNING * * *
Casting: Foxfire (safe; 6% risk of failure)
Confirm with . or Enter, or press ? or * to list all spells.
You feel a surge of power!
You conjure some foxfire!
The foxfire hits Pikel.
Pikel is lightly wounded.
The foxfire hits Pikel but does no damage.
Pikel is lightly wounded.
Pikel closely misses you.
Casting: Foxfire (safe; 6% risk of failure)
Confirm with . or Enter, or press ? or * to list all spells.
You feel a surge of power!
You conjure some foxfire!
The foxfire hits Pikel.
Pikel is lightly wounded.
The foxfire hits Pikel.
Pikel is moderately wounded.
Pikel hits you with a +1 whip of electrocution!
* * * LOW HITPOINT WARNING * * *
You are electrocuted!
You die...

.......#...........##+#..........
#.....................'.(........
#.....................#..........
.................#....+.).......)
..........###......##.#..........
.............#...............####
......)...##.#......##.......####
#......#####.#.ยงยงยง...............
....########.#.v@................
....###...##.#.vK................
....##.......#+#'#...............
.#####........................... .#
#......................####.
.#####.#................#...# #.
...#...#...............##...####.
..<#...#........................#
...#...#.........................


You could see Pikel (ally target).

Vanquished Creatures
  A lemure (D:3)
  Natasha (D:2)
  2 adders
  A gnoll (D:1)
  2 worms
  A dart slug (D:1)
  5 orcs (D:2)
  8 bats
  6 endoplasms
  2 giant cockroaches (D:2)
  9 goblins
  7 hobgoblins
  11 kobolds
  6 ball pythons
  6 frilled lizards
  9 rats
77 creatures vanquished.

Vanquished Creatures (collateral kills)
  3 foxfires (D:2)
3 creatures vanquished.

Vanquished Creatures (others)
  426 foxfires
  11 plants (D:2)
437 creatures vanquished.

Grand Total: 517 creatures vanquished

Notes
Turn   | Place    | Note
-------+----------+-------------------------------------------
     0 | D:1      | Hubjo the Deep Elf Fire Elementalist began the quest for
                  | the Orb.
     0 | D:1      | Reached XP level 1. HP: 10/10 MP: 6/6
   226 | D:1      | Reached XP level 2. HP: 16/16 MP: 6/8
   273 | D:1      | Reached skill level 1 in Fighting
  1153 | D:1      | Reached XP level 3. HP: 20/20 MP: 4/9
  2725 | D:2      | Noticed Natasha
  2737 | D:2      | Killed Natasha
  2738 | D:2      | Reached XP level 4. HP: 26/26 MP: 5/11
  4374 | D:3      | Reached XP level 5. HP: 6/30 MP: 9/13
  5186 | D:3      | Gained mutation: You passively map a small area around you.
                  | [potion of mutation]
  5186 | D:3      | Gained mutation: Your spells are a little harder to cast,
                  | but a little more powerful. [potion of mutation]
  5210 | D:4      | Noticed Pikel
  5210 | D:4      | Noticed a lemure
  5210 | D:4      | Noticed a lemure
  5210 | D:4      | Noticed a lemure
  5211 | D:4      | Noticed a lemure
  5222 | D:3      | Killed a lemure
  5708 | D:3      | HP: 1/30 [Pikel/+1 whip of electrocution (9)]
  5708 | D:3      | Mangled by Pikel

Illustrated notes

Levels and vault maps discovered:
D:1:      dpeg_arrival_subterranean_lakeside_camping, layout_basic
D:2:      layout_loops_ring, lexackson_kobold_supper, uniq_natasha
D:3:      layout_basic
D:4:      layout_basic, nicolae_overflow_hallway_of_the_gods, uniq_pikel

Skill      XL: |  1  2  3  4 |
---------------+-------------+-----
Fighting       | 1 2 |  2.3
Stealth        | 3 |  3.7
Spellcasting   | 4 |  4.1
Fire Magic     | 4 |  4.1
Dodging        | |  2.4
Conjurations   | |  1.1

Action                   |  1- 3 |  4- 6 || total
-------------------------+-------+-------++-------
Melee: Unarmed           |     1 |       ||     1
       Whip              |       |     3 ||     3
 Cast: Foxfire           |   141 |   124 ||   265
  Use: Scroll            |       |     4 ||     4
       Potion            |       |     1 ||     1
Armor: Robe              |     2 |    10 ||    12
Dodge: Dodged            |    13 |    40 ||    53

Table legend: (Time is in decaauts)
 A = Elapsed time spent in this place.
 B = Non-inter-level travel time spent in this place.
 C = Inter-level travel time spent in this place.
 D = Time resting spent in this place.
 E = Time spent auto-exploring this place.
 F = Levels seen in this place.
 G = Mean time per level.
                   A        B        C        D        E       F      G
               +--------+--------+--------+--------+--------+-----+--------+
         Total |   5716 |   5693 |     23 |    513 |   4425 |   4 | 1429.0 |
       Dungeon |   5716 |   5693 |     23 |    513 |   4425 |   4 | 1429.0 |
               +--------+--------+--------+--------+--------+-----+--------+

Top non-repeatable levels by time:
     D:1: 2012 daAuts
     D:2: 1875 daAuts
     D:3: 1814 daAuts
     D:4: 14 daAuts
